 Dungeon Crawl Stone Soup version 0.32-a0-520-g344ed53f66 (webtiles) character file.

Game seed: 3107435349619740329

89 cforsyth the Chopper (level 4, 0/35 HPs)
             Began as a Coglin Gladiator on Feb 27, 2024.
             Slain by Grinder (7 damage)
             ... on level 3 of the Dungeon.
             The game lasted 00:02:39 (1997 turns).

cforsyth the Chopper (Coglin Gladiator)             Turns: 1997, Time: 00:02:39

Health: 0/35       AC:  4    Str: 17    XL:     4   Next: 55%
Magic:  4/4        EV: 12    Int:  7    God:
Gold:   16         SH:  0    Dex: 15    Spells: 3/3 levels left

rFire   . . .        a - +0 war axe {Kazuki}
rCold   . . .        t - +0 war axe {Tepiltzin}
rNeg    . . .        b - +0 leather armour
rPois   .            c - +0 helmet
rElec   .            (no cloak)
rCorr   .            (no gloves)
SInv    .            (no boots)
Will    .....        (no amulet)
Stlth   +            (ring unavailable)
HPRegen 0.25/turn    (ring unavailable)
MPRegen 0.09/turn

%: no passive effects
@: revved
A: off-hand wielding, slow wielding, warmup strikes, no rings
a: no special abilities


You were on level 3 of the Dungeon.
You visited 1 branch of the dungeon, and saw 3 of its levels.

You collected 100 gold pieces.
You spent 84 gold pieces at shops.


Innate Abilities, Weirdness & Mutations

You can wield a second weapon in your off-hand.
It takes a long time for you to wield or remove held weapons.
Your first few attacks do less damage.
Your grasper-arms cannot wear rings.


   Skills:
 + Level 3.1 Fighting
 + Level 3.8 Axes
 - Level 1.7 Throwing
 + Level 1.9 Armour
 - Level 2.6 Dodging


You had 3 spell levels left.
You didn't know any spells.
Your spell library was empty.

Inventory:

Hand Weapons
 a - a +0 war axe (weapon) {Kazuki}
 t - a +0 war axe (offhand) {Tepiltzin}
Missiles
 d - 3 throwing nets (quivered) {=f}
 e - a javelin
Armour
 b - a +0 leather armour (worn)
 c - a +0 helmet (worn)
Magical Staves
 f - a staff of alchemy {!a}
Scrolls
 h - a scroll of enchant weapon {unknown}
 l - 2 scrolls of fear
 m - a scroll of enchant armour {unknown}
 n - 2 scrolls of summoning {unknown}
Potions
 i - 2 potions of heal wounds {@q2}
 j - a potion of might {unknown}
 o - a potion of mutation
 p - a potion of lignification {unknown}
 q - a potion of haste {unknown}
 r - a potion of ambrosia {unknown}
 s - a potion of resistance {unknown}

Dungeon Overview and Level Annotations

Branches:
Dungeon (3/15)

Altars:

Shops:
D:2 ?

Annotations:
D:3 Grinder

#$... ... #.... ..#
....#..# ......#
.....##### .§.......
###†5...... ###
#..@†...... #<#
###..§..... #.#
#....###### #.#
######<#..#
#.##.........#####..
#.##.###............
#.##.............(..
#.##.###...#######..
#.##.# ##.##


You could see Grinder.


Message History

Natasha stares at you and mumbles some strange words.
The magic dart hits you.
Unknown command.
Unknown command.
You closely miss Natasha with your +0 war axe.
Natasha is severely wounded.
You closely miss Grinder with your +0 war axe.
You closely miss Natasha with your +0 war axe.
You hit Grinder with your +0 war axe.
The cerulean imp hits you but does no damage.
Grinder hits you!
* * * LOW HITPOINT WARNING * * *
Natasha claws you.
* * * LOW HITPOINT WARNING * * *
The cerulean imp hits you but does no damage.
The cerulean imp hits you from afar with a +0 spear.
* * * LOW HITPOINT WARNING * * *
Unknown command.
You closely miss Natasha with your +0 war axe.
Natasha is severely wounded.
You closely miss Grinder with your +0 war axe.
You hit the rat with your +0 war axe.
You kill the rat!
You hit Natasha with your +0 war axe.
You kill Natasha!
Natasha growls in agony!
The cerulean imp disappears in a puff of smoke! x2
You hit Grinder but do no damage. Grinder hits you!
You die...
Grinder sighs, "Dead already?
I want a refund."

Skill      XL: |  1  2  3  4 |
---------------+-------------+-----
Armour         | 1 |  1.9
Fighting       | 3 |  3.1
Axes           | |  3.8
Throwing       | |  1.7
Dodging        | |  2.6

Action                     |  1- 3 |  4- 6 || total
---------------------------+-------+-------++-------
  Melee: War axe           |    79 |    52 ||   131
    Use: Scroll            |       |     3 ||     3
   Stab: Sleeping          |     1 |       ||     1
 Armour: Leather armour    |    59 |    47 ||   106
  Dodge: Dodged            |    63 |    29 ||    92
         Repelled          |     1 |     2 ||     3

Levels and vault maps discovered:
D:1:      psy_arrival_radial02, layout_loops_ring,
          shapermc_ecumenical_altar_mp_vishouse, minmay_misc_feat_secret_circle
D:2:      kennysheep_six_static_rooms, layout_rooms, serial_shops, shop,
          minmay_goblin_kobold_house
D:3:      layout_basic, uniq_grinder, uniq_natasha

Notes
Turn   | Place    | Note
-------+----------+-------------------------------------------
     0 | D:1      | cforsyth the Coglin Gladiator began the quest for the Orb.
     0 | D:1      | Reached XP level 1. HP: 16/16 MP: 1/1
   465 | D:1      | Reached XP level 2. HP: 22/22 MP: 2/2
   583 | D:1      | Reached skill level 1 in Armour
   583 | D:1      | Reached XP level 3. HP: 27/28 MP: 3/3
   804 | D:1      | Found a faded altar of an unknown god.
  1090 | D:2      | Found Rexecki's Magic Scroll Shoppe.
  1203 | D:2      | Reached XP level 4. HP: 20/34 MP: 4/4
  1422 | D:2      | Reached skill level 3 in Fighting
  1923 | D:3      | Noticed Grinder
  1938 | D:2      | Bought a scroll of identify for 28 gold pieces
  1938 | D:2      | Bought a scroll of fear for 56 gold pieces
  1989 | D:3      | Noticed Natasha
  1997 | D:3      | Killed Natasha
  1997 | D:3      | Slain by Grinder

Vanquished Creatures
  Natasha (D:3)
  3 adders (D:2)
  A gnoll (D:1)
  2 dart slugs
  5 ribbon worms (D:2)
  A ball python (D:2)
  An endoplasm (D:2)
  2 giant cockroaches (D:1)
  3 goblins
  5 hobgoblins
  2 jackals (D:1)
  6 bats
  2 frilled lizards (D:1)
  A kobold (D:3)
  7 rats
42 creatures vanquished.

Table legend: (Time is in decaauts)
 A = Elapsed time spent in this place.
 B = Non-inter-level travel time spent in this place.
 C = Inter-level travel time spent in this place.
 D = Time resting spent in this place.
 E = Time spent auto-exploring this place.
 F = Levels seen in this place.
 G = Mean time per level.
                   A        B        C        D        E       F      G
               +--------+--------+--------+--------+--------+-----+--------+
         Total |   2038 |   1877 |    161 |      0 |   1524 |   3 |  679.3 |
       Dungeon |   2038 |   1877 |    161 |      0 |   1524 |   3 |  679.3 |
               +--------+--------+--------+--------+--------+-----+--------+

Top non-repeatable levels by time:
     D:1: 1013 daAuts
     D:2: 970 daAuts
     D:3: 54 daAuts

Table legend:
 A = Non-vault XP
 B = Vault XP
 C = Vault XP percentage of total XP
 D = Non-vault monster count
 E = Vault monster count
 F = Vault count percentage of total count
                 A         B        C        D         E       F
            +---------+---------+-------+---------+---------+-------
      Total |     112 |      52 |  31.7 |      32 |      10 |  23.8
            +---------+---------+-------+---------+---------+-------
        D:1 |      38 |       0 |   0.0 |      14 |       0 |   0.0
        D:2 |      71 |      17 |  19.3 |      15 |       9 |  37.5
        D:3 |       3 |      35 |  92.1 |       3 |       1 |  25.0
            +---------+---------+-------+---------+---------+-------
